 Dungeon Crawl Stone Soup version 0.29.1-13-g9f3cf754e1 (webtiles) character file.

Game seed: 9661711744886786194

5385 Peloso the Carver (level 10, -5/88 HPs)
             Began as a Minotaur Fighter on Jan 21, 2023.
             Was a Believer of Okawaru.
             Killed from afar by a steam dragon (6 damage)
             ... with a ball of steam
             ... on level 9 of the Dungeon.
             The game lasted 00:16:29 (11170 turns).

Peloso the Carver (Minotaur Fighter)               Turns: 11170, Time: 00:16:29

Health: -5/88      AC: 22    Str: 23    XL:     10   Next: 39%
Magic:  7/9        EV:  9    Int:  5    God:    Okawaru [**....]
Gold:   483        SH:  7    Dex: 12    Spells: 9/9 levels left

rFire   + . .      SeeInvis .   a - +4 falchion
rCold   . . .      Faith    .   d - +0 buckler
rNeg    . . .      Spirit   .   i - +0 plate armour
rPois   .          Reflect  .   (helmet restricted)
rElec   .          Harm     .   E - +1 cloak
rCorr   .          Rampage  .   C - +1 pair of gloves
Will    +....                   (no boots)
Stlth   ..........              (no amulet)
HPRegen 0.24/turn               q - ring of protection from fire
MPRegen 0.11/turn               g - ring of willpower

@: heroic
A: horns 2, retaliatory headbutt
a: Renounce Religion, Heroism


You were on level 9 of the Dungeon.
You worshipped Okawaru.
Okawaru was pleased with you.
You visited 2 branches of the dungeon, and saw 10 of its levels.
You also visited: Sewer.

You collected 509 gold pieces.
You spent 26 gold pieces at shops.

Inventory:

Hand Weapons
 a - a +4 falchion (weapon)
 b - a +2 scimitar of holy wrath
Armour
 c - a +0 scale mail
 d - a +0 buckler (worn)
 i - a +0 plate armour (worn)
 C - a +1 pair of gloves (worn)
 E - a +1 cloak (worn)
Jewellery
 g - a ring of willpower (right hand)
 q - a ring of protection from fire (left hand)
 u - a ring of protection from fire
 F - an amulet of faith
Wands
 r - a wand of flame (42)
 v - a wand of roots (7)
 y - a wand of acid (4)
Scrolls
 e - 2 scrolls of amnesia
 f - 2 scrolls of fog
 h - a scroll of noise
 l - 3 scrolls of teleportation
 m - 2 scrolls of identify
 t - a scroll of fear
 w - 2 scrolls of immolation
 x - a scroll of blinking
 A - 2 scrolls of summoning
 B - a scroll of magic mapping
Potions
 j - a potion of ambrosia
 k - 5 potions of flight
 o - 3 potions of magic
 s - 2 potions of might
 z - a potion of berserk rage
 D - a potion of mutation
 G - a potion of curing {unknown}
Miscellaneous
 p - a phial of floods


   Skills:
 + Level 8.1(13.1) Fighting
 + Level 12.0(17.0) Long Blades
 + Level 11.1(16.1) Armour
 + Level 1.6(6.6) Dodging
 + Level 0.8(5.8) Stealth
 + Level 6.7(11.7) Shields
 + Level 0.2 Invocations
 + Level 0.4 Evocations


You had 9 spell levels left.
You didn't know any spells.
Your spell library contained the following spells:

 Spells                   Type           Power      Damage    Failure   Level
 Magic Dart               Conj           0%         1d3       99%         1
 Sting                    Tmut/Pois      0%         1d3       99%         1
 Poisonous Vapours        Pois/Air       0%         N/A       100%        2
 Mephitic Cloud           Conj/Pois/Air  0%         N/A       100%        3
 Olgreb's Toxic Radiance  Pois           0%         N/A       100%        4
 Call Imp                 Summ           Unusable   N/A       N/A         2

Dungeon Overview and Level Annotations

Branches:
Dungeon (9/15)             Temple (1/1) D:6            Lair (0/5) D:9
  Sewer (visited)
    Orc: D:9-12

Altars:
Ashenzari
Dithmenos
Elyvilon
Gozag
Hepliaklqana
Kikubaaqudgha
Makhleb
Nemelex Xobeh
Okawaru
Qazlal
Ru
Vehumet
Wu Jian
Xom
Zin

Shops:
D:7 [   D:9 *

Annotations:
D:9 Grum


Innate Abilities, Weirdness & Mutations

You have a pair of horns on your head.
You reflexively headbutt those who attack you in melee.


Message History

You are no longer corroded.
The electric eel shoots out a bolt of lightning at you!
The bolt of electricity hits you.
* * * LOW HITPOINT WARNING * * *
The electric eel shoots out a bolt of lightning at you!
The bolt of electricity hits you!
* * * LOW HITPOINT WARNING * * *
The orc wizard hits you but does no damage.
The orc wizard attacks as you move away!
The orc wizard hits you but does no damage.
The orc wizard attacks as you move away!
The orc wizard hits you with a +0 dagger.
* * * LOW HITPOINT WARNING * * *
The orc wizard casts a spell.
The orc wizard flickers and vanishes!
Deactivating autopickup; reactivate with Ctrl-A.
You gain the combat prowess of a mighty hero.
Okay, then.
As you read the scroll of teleportation, it crumbles to dust.
You feel strangely unstable.
Unknown command.
You slash the orc warrior!
The orc warrior is moderately wounded.
The orc warrior hits you but does no damage.
You hit the orc warrior but do no damage.
Your headbutt misses the orc warrior.
The orc warrior is moderately wounded.
Your surroundings suddenly seem different.
A troll, a centaur warrior, a steam dragon, a cyclops and Grum come into view.
Found a scale mail, 6 gold pieces and a leather armour.
The troll shouts!
The wolf howls! x3; The killer bee buzzes angrily. x2
You hear a howl!
The centaur warrior wields a +0 shortbow of flaming.
It bursts into flame!
The centaur warrior shoots an arrow.
The arrow hits you!
* * * LOW HITPOINT WARNING * * *
The arrow burns you.
* * * LOW HITPOINT WARNING * * *
The steam dragon breathes steam at you. The ball of steam hits you. You resist.
You die...

.######'##.# #...#
..........#.# #...#
..........#.# #
#...#...........#.#
##.
#...#'#######.).#.#
.... #.8...D..T
#...#.#
...$c#...§§.8..
#...#.#
.....'..§......
#...#.#
#.@.Cy..#####hy.#
#.......[h..'..hyh..#
#....8...hh.#..h.y..#
#.....[...8.#.......#
#########yy.#...#####
..g#... ..#... ..#...
#.## #... #...


You could see a centaur warrior, a cyclops, Grum, a troll, a steam dragon
(catching breath), 3 wolves and 3 killer bees.

Vanquished Creatures
  2 two-headed ogres
  A manticore (D:6)
  A komodo dragon (D:9)
  Prince Ribbit (D:5)
  Sigmund (D:3)
  A steam dragon (D:8)
  Menkaure (D:6)
  Edmund (D:4)
  A water moccasin (D:7)
  An acid dragon (D:9)
  2 sky beasts
  A black bear (D:8)
  An ice beast (D:7)
  3 ogres
  5 centaurs
  3 kobold brigands
  Blork the orc (D:4)
  A phantom (D:6)
  2 bullfrogs
  A necrophage (D:6)
  4 wights
  A killer bee (D:9)
  2 jellies
  Crazy Yiuf (D:7)
  3 hounds
  2 orc priests
  Jessica (D:3)
  Terence (D:3)
  2 iguanas
  Natasha (thrice) (D:3)
  A merfolk siren (Sewer)
  7 orc wizards
  A merfolk avatar (Sewer)
  Ijyb (D:5)
  2 river rats (Sewer)
  6 adders
  3 gnolls
  An ufetubus (D:5)
  A worm (D:3)
  4 dart slugs
  20 orcs
  9 ball pythons
  7 endoplasms
  8 giant cockroaches
  9 goblins
  4 hobgoblins
  23 kobolds
  7 quokkas
  A bat (D:1)
  8 frilled lizards
  29 rats
203 creatures vanquished.

Vanquished Creatures (others)
  2 orcs (D:8)
  4 plants (D:9)
6 creatures vanquished.

Grand Total: 209 creatures vanquished

Notes
Turn   | Place    | Note
-------+----------+-------------------------------------------
     0 | D:1      | Peloso the Minotaur Fighter began the quest for the Orb.
     0 | D:1      | Reached XP level 1. HP: 19/19 MP: 0/0
   146 | D:1      | Reached XP level 2. HP: 27/27 MP: 1/1
   655 | D:1      | Found a faded altar of an unknown god.
  1596 | D:2      | Reached skill level 3 in Long Blades
  1596 | D:2      | Reached XP level 3. HP: 20/33 MP: 2/2
  2024 | D:1      | Reached XP level 4. HP: 37/40 MP: 3/3
  2578 | D:3      | Noticed Natasha
  2593 | D:3      | Reached skill level 5 in Armour
  2606 | D:3      | Killed Natasha
  2607 | D:3      | Reached XP level 5. HP: 26/47 MP: 4/4
  2616 | D:3      | Reached skill level 4 in Long Blades
  2718 | D:3      | Found a glowing drain.
  2955 | Sewer    | Entered a sewer
  3334 | Sewer    | Reached XP level 6. HP: 53/53 MP: 5/5
  4074 | D:3      | Reached skill level 5 in Long Blades
  4419 | D:3      | Noticed Terence
  4427 | D:3      | Killed Terence
  4461 | D:3      | Noticed Natasha
  4472 | D:3      | Killed Natasha
  4548 | D:3      | Noticed Sigmund
  4571 | D:3      | Killed Sigmund
  4572 | D:3      | Reached skill level 5 in Fighting
  4572 | D:3      | Reached XP level 7. HP: 40/61 MP: 6/6
  4730 | D:3      | Reached skill level 6 in Long Blades
  5060 | D:3      | Noticed Natasha
  5065 | D:3      | Killed Natasha
  5110 | D:3      | Noticed Jessica
  5115 | D:3      | Killed Jessica
  5203 | D:3      | Found a stormy altar of Qazlal.
  5205 | D:3      | Found a radiant altar of Vehumet.
  5286 | D:4      | Noticed Blork the orc
  5293 | D:4      | Killed Blork the orc
  5477 | D:4      | Noticed Edmund
  5484 | D:4      | Found a shadowy altar of Dithmenos.
  5496 | D:4      | Killed Edmund
  5497 | D:4      | Reached skill level 7 in Long Blades
  6240 | D:5      | Entered Level 5 of the Dungeon
  6271 | D:5      | Noticed Prince Ribbit
  6291 | D:5      | Reached XP level 8. HP: 44/69 MP: 7/7
  6312 | D:5      | Killed Prince Ribbit
  6313 | D:5      | Reached skill level 8 in Long Blades
  6313 | D:5      | Reached skill level 1 in Dodging
  6683 | D:5      | Found a hazy altar of Hepliaklqana.
  6751 | D:5      | Noticed Ijyb
  6765 | D:5      | Killed Ijyb
  6931 | D:6      | Noticed Menkaure
  6936 | D:6      | Killed Menkaure
  6956 | D:6      | Reached skill level 9 in Long Blades
  6956 | D:6      | Reached skill level 5 in Shields
  7058 | D:6      | Found a glowing silver altar of Zin.
  7166 | D:6      | Noticed a manticore
  7172 | D:6      | Killed a manticore
  7173 | D:6      | Reached skill level 10 in Long Blades
  7173 | D:6      | Reached XP level 9. HP: 48/77 MP: 8/8
  7380 | D:6      | Found a burning altar of Makhleb.
  7666 | D:6      | Found a staircase to the Ecumenical Temple.
  7864 | Temple   | Entered the Ecumenical Temple
  7886 | Temple   | Became a worshipper of Warmaster Okawaru
  8338 | D:7      | Found Jilyd's Antique Armour Boutique.
  8429 | D:7      | Found a runed translucent door.
  8430 | D:7      | Noticed Crazy Yiuf
  8593 | D:7      | Identified the +3 leather armour "Guxkedim" {rC++ Dex-4}
  9088 | D:7      | Reached skill level 11 in Long Blades
  9291 | D:7      | Killed Crazy Yiuf
  9415 | D:8      | Reached skill level 10 in Armour
  9417 | D:8      | Reached * piety under Okawaru
  9649 | D:8      | Identified the +4 leather armour of the Equinox {Contam
                  | rPois MP+9 Str+5}
  9693 | D:8      | Noticed a two-headed ogre
  9711 | D:8      | Killed a two-headed ogre
  9712 | D:8      | Reached XP level 10. HP: 18/86 MP: 6/9
 10233 | D:8      | Found a white marble altar of Elyvilon.
 10946 | D:9      | Found Ymutom's Assorted Antiques.
 10960 | D:9      | Bought a scroll labelled QAFRYT TASUXUX for 26 gold pieces
 10990 | D:9      | Found a staircase to the Lair.
 11122 | D:9      | Noticed a two-headed ogre
 11131 | D:9      | Killed a two-headed ogre
 11131 | D:9      | Reached ** piety under Okawaru
 11132 | D:9      | Reached skill level 12 in Long Blades
 11170 | D:9      | Noticed a centaur warrior
 11170 | D:9      | Noticed a cyclops
 11170 | D:9      | Noticed Grum
 11170 | D:9      | HP: 3/88 [centaur warrior/arrow (10)]
 11170 | D:9      | HP: 1/88 [centaur warrior/arrow (2)]
 11170 | D:9      | Killed from afar by a steam dragon

Illustrated notes

Levels and vault maps discovered:
D:1:      saegor_arrival_under_anarchy, layout_loops_corners,
          chequers_ecumenical_altar_twisty, minmay_domino_2
D:2:      layout_basic
D:3:      layout_loops_ring, minitemple, gup_sewer_entry_bubbles,
          dk_noncrumbling_4, uniq_natasha, uniq_terence, uniq_jessica,
          uniq_sigmund
D:4:      layout_loops_ring, mainiacjoe_overflow_concentric_impassable,
          uniq_edmund, uniq_blork_the_orc
D:5:      layout_rooms, lemuel_round_altar, uniq_prince_ribbit1, uniq_ijyb
D:6:      layout_cave_pools, mainiacjoe_overflow_chevrons, bloody_makhleb,
          minmay_temple_entry_nine_rooms, uniq_menkaure
D:7:      layout_loops_ring, serial_shops, shop, nicolae_elevator_lobby_plus,
          uniq_crazy_yiuf_cottage
D:8:      layout_basic, mainiacjoe_overflow_paths
D:9:      kennysheep_blocky_room, layout_basic, david_lair_shrubbed,
          serial_shops, nicolae_lakefront_shop, minmay_librarian, uniq_grum
Temple:   eino_narrow_crystal_temple

Skill      XL: |  1  2  3  4  5  6  7  8  9 10 |
---------------+-------------------------------+-----
Armour         | 4 5 6 7 9 10 11 | 11.1
Fighting       | 4 5 6 7 8 |  8.1
Long Blades    | 3 4 5 7 10 11 12 | 12.0
Shields        | 4 5 6 |  6.7
Dodging        | 1 |  1.6
Stealth        | |  0.8
Invocations    | |  0.2
Evocations     | |  0.4

Action                   |  1- 3 |  4- 6 |  7- 9 | 10-12 || total
-------------------------+-------+-------+-------+-------++-------
Melee: Long sword        |    70 |   227 |    28 |       ||   325
       Headbutt          |     9 |    31 |    54 |    18 ||   112
       Scimitar          |       |       |   233 |       ||   233
       Falchion          |       |       |    24 |    69 ||    93
Invok: Heroism           |       |       |     1 |     2 ||     3
Evoke: Wand              |       |       |     4 |       ||     4
  Use: Scroll            |     5 |     1 |       |    11 ||    17
       Potion            |     2 |     1 |       |     1 ||     4
Armor: Scale mail        |    26 |    16 |       |       ||    42
       Plate armour      |       |   128 |   164 |    54 ||   346
Dodge: Dodged            |    20 |    66 |    93 |    32 ||   211
Block: Buckler           |    21 |    49 |    54 |    21 ||   145
